 Dungeon Crawl Stone Soup version 0.32-a0-940-g8c197d95f1 (webtiles) character file.

Game seed: 7109520446837354422

3607 Lamaleuchte the Grappler (level 9, -2/88 HPs)
             Began as a Troll Fighter on Apr 16, 2024.
             Slain by a harpy (shapeshifter) (17 damage)
             ... on level 9 of the Dungeon.
             The game lasted 00:40:04 (7818 turns).

Lamaleuchte the Grappler (Troll Fighter)            Turns: 7818, Time: 00:40:06

Health: -2/88      AC:  4    Str: 26    XL:     9   Next: 86%
Magic:  7/8        EV:  9    Int:  4    God:
Gold:   543        SH:  9    Dex: 13    Spells: 4/8 levels left

rFire   . .          .
                       - Unarmed
rCold   + . .        b - +0 kite shield
rNeg    . . .        a - +0 robe
rPois   .            (helmet restricted)
rElec   .            (no cloak)
rCorr   .            (gloves unavailable)
SInv    +            (boots unavailable)
Will    .....        w - amulet of regeneration
Stlth   +            C - ring of protection from cold
HPRegen 1.94/turn    I - ring of see invisible
MPRegen 0.11/turn

%: no passive effects
@: mighty
A: large, unfitting armour, claws 3, regeneration 1, shaggy fur 1, tough skin 1
a: no special abilities


You were on level 9 of the Dungeon.
You visited 2 branches of the dungeon, and saw 10 of its levels.

You collected 543 gold pieces.

Inventory:

Hand Weapons
 L - a +3 dagger of flaming
Missiles
 f - 89 stones
 m - 4 large rocks (quivered)
 u - 15 boomerangs
 y - 5 atropa-tipped darts
 J - 2 poisoned darts
Armour
 a - a +0 robe (worn)
 b - a +0 kite shield (worn)
Magical Staves
 H - the staff "Nisometz" {rElec rF+ Air}
   (You found it on level 8 of the Dungeon)

   [staff of air]

   Base accuracy: +5 Base damage: 5 Base attack delay: 1.2 This weapon's minimum
   attack delay (0.6) is reached at skill level 12.
   rF+:       It protects you from fire.
   rElec:     It insulates you from electricity.
   Air:       It increases the power of your Air spells.
   It falls into the 'Staves' category.
   It is a one-clawed weapon.
Jewellery
 t - the amulet of Elemental Vulnerability {rPois rF-- rC-- AC+8}
   (You found it on level 4 of the Dungeon)

   [amulet of nothing]

   AC+8:      It affects your AC (+8).
   rF--:      It makes you very vulnerable to fire.
   rC--:      It makes you very vulnerable to cold.
   rPois:     It protects you from poison.
 w - an amulet of regeneration (around neck)
 A - an amulet of magic regeneration
 C - a ring of protection from cold (left claw)
 D - a +6 ring of intelligence
 F - the ring "Basog" {Ice *Slow rElec Dex+4 Slay+3}
   (You took it off a kobold on level 7 of the Dungeon)

   [ring of ice]

   Ice:       It enhances your ice magic.
   Dex+4:     It affects your dexterity (+4).
   Slay+3:    It affects your accuracy & damage with ranged weapons and melee
   (+3).
   rF-:       It makes you vulnerable to fire.
   rC+:       It protects you from cold.
   rElec:     It insulates you from electricity.
   *Slow:     It may slow you when you take damage.
 I - a ring of see invisible (right claw)
Talismans
 e - a flux talisman
Wands
 z - a wand of quicksilver (10)
Scrolls
 i - 3 scrolls of teleportation
 l - 3 scrolls of fear
 n - a scroll of amnesia {unknown}
 o - a scroll of butterflies
 p - a scroll of poison {unknown}
 r - 3 scrolls of immolation
 x - a scroll of vulnerability {unknown}
 E - a scroll of enchant armour {unknown}
 G - a scroll of fog {unknown}
Potions
 c - a potion of might
 d - a potion of ambrosia
 g - 2 potions of berserk rage {unknown}
 h - 3 potions of heal wounds
 j - 4 potions of haste {unknown}
 k - 6 potions of curing
 q - a potion of cancellation {unknown}
 s - 2 potions of mutation
 v - 2 potions of brilliance
 B - a potion of magic {unknown}


   Skills:
 + Level 5.4 Fighting
 + Level 5.5 Dodging
 + Level 5.8 Shields
 * Level 8.5 Unarmed Combat
 + Level 3.4 Translocations
 - Level 2.3 Shapeshifting


You had 4 spell levels left.
You knew the following spells:

 Your Spells              Type           Power      Damage    Failure   Level
a - Blink                 Tloc           4%         N/A       38%         2
b - Lesser Beckoning      Tloc           4%         N/A       38%         2

Your spell library contained the following spells:

 Spells                   Type           Power      Damage    Failure   Level
 Momentum Strike          Conj/Tloc      2%         3d8       63%         2
 Magic Dart               Conj           0%         1d3       73%         1
 Sandblast                Erth           0%         2d4       73%         1
 Call Imp                 Summ           0%         N/A       86%         2
 Searing Ray              Conj           0%         2d4       86%         2
 Static Discharge         Conj/Air       0%         3-3/arc   86%         2
 Sublimation of Blood     Necr           0%         N/A       86%         2
 Stone Arrow              Conj/Erth      0%         3d7       97%         3
 Airstrike                Air            0%         2d(0-16)  100%        4
 Brom's Barrelling Bould  Conj/Erth      0%         2d3       100%        4
 Fulminant Prism          Conj/Alch      0%         3d5       100%        4
 Olgreb's Toxic Radiance  Alch           0%         N/A       100%        4
 Summon Lightning Spire   Summ/Air       0%         N/A       100%        4
 Ozocubu's Refrigeration  Ice            0%         4d7       100%        7
 Summon Hydra             Summ           0%         N/A       100%        7
 Discord                  Hex            0%         N/A       100%        8


Dungeon Overview and Level Annotations

Branches:
Dungeon (9/15)             Temple (1/1) D:7
   Lair: D:8-11         Orc: D:9-12

Altars:
Ashenzari
Dithmenos
Elyvilon
Fedhas
Gozag
Hepliaklqana
Kikubaaqudgha
Makhleb
Nemelex Xobeh
Okawaru
Qazlal
Ru
Trog
Uskayaw
Vehumet
Xom
Yredelemnul
The Shining One


Innate Abilities, Weirdness & Mutations

You are too large for most types of armour.
You have claws for hands.
Your natural rate of healing is unusually fast.
You are covered in fur. (AC +1)
You have tough skin. (AC +1)


Message History

* * * LOW HITPOINT WARNING * * *
The gnoll barely misses you.
Things that are here:
a +0 vampiric short sword; a +0 short sword; a kobold corpse Your surroundings suddenly seem different.
A troll, a vampire mosquito and a brain worm come into view.
Found four items.
The troll shouts!
The vampire mosquito buzzes angrily.
The brain worm twitches its length with the pilfered instincts of pincers.
It was a potion of heal wounds.
You feel much better. The vampire mosquito bites you!
* * * LOW HITPOINT WARNING * * *
The vampire mosquito draws strength from your injuries!
The brain worm's bulging head throbs.
Something gnaws on your mind!
* * * LOW HITPOINT WARNING * * *
You feel your power leaking away. The vampire mosquito bites you.
* * * LOW HITPOINT WARNING * * *
The vampire mosquito draws strength from your injuries!
You feel much better.
The vampire mosquito closely misses you.
You block the vampire mosquito's attack.
The troll barely misses you. The troll claws you! You block the troll's attack.
You feel very mighty all of a sudden.
The brain worm changes into a harpy!
The vampire mosquito closely misses you.
The vampire mosquito barely misses you. The troll bites you!
* * * LOW HITPOINT WARNING * * *
The troll claws you!
* * * LOW HITPOINT WARNING * * *
You block the troll's attack.
You claw the troll!
The troll is moderately wounded.
The vampire mosquito misses you.
The vampire mosquito bites you but does no damage.
You block the troll's attack. x2; The troll claws you.
* * * LOW HITPOINT WARNING * * *
The harpy claws you!
You die...

♣ ♣♣♣♣♣♣♣ ...
≈≈≈$$♣♣♣
..≈..♣..H.(♣
♣..@y..♣
♣..≈.T.÷.♣
..≈.♣......♣♣
..≈..♣..../♣
♣ ..≈≈.../♣♣
♣♣♣♣♣≈$$♣♣
♣♣♣♣♣


You could see a harpy shaped shifter, a troll and a vampire mosquito.

Vanquished Creatures
  A hornet (D:8)
  A wyvern (D:9)
  A yak (D:7)
  A steam dragon (D:6)
  4 orc warriors
  A sky beast (D:5)
  A black bear (D:7)
  3 ogres
  A centaur (D:7)
  2 phantoms
  2 kobold brigands
  2 bullfrogs (D:7)
  A gnoll sergeant (D:6)
  A scorpion (D:6)
  5 wights
  4 killer bees (D:8)
  3 howler monkeys
  A bombardier beetle (D:5)
  2 hounds
  3 orc priests
  A gnoll bouda (D:6)
  A jelly (D:5)
  A sleepcap (D:5)
  3 iguanas
  15 orc wizards
  A human simulacrum (D:7)
  7 gnolls
  11 adders
  2 shadow imps (D:6)
  A white imp (D:5)
  2 ufetubi (D:6)
  A dart slug (D:1)
  A ribbon worm (D:3)
  44 orcs
  8 endoplasms
  3 giant cockroaches
  7 hobgoblins
  8 quokkas
  6 ball pythons
  6 bats
  4 frilled lizards
  8 goblins
  17 kobolds
  8 rats
206 creatures vanquished.

Vanquished Creatures (others)
  A human simulacrum (D:7)
1 creature vanquished.

Grand Total: 207 creatures vanquished

Notes
Turn   | Place    | Note
-------+----------+-------------------------------------------
     0 | D:1      | Lamaleuchte the Troll Fighter began the quest for the Orb.
     0 | D:1      | Reached XP level 1. HP: 22/22 MP: 0/0
   131 | D:1      | Reached XP level 2. HP: 27/29 MP: 1/1
   219 | D:1      | You fall into a shaft and drop 1 floor!
   834 | D:1      | Reached XP level 3. HP: 36/36 MP: 2/2
  1308 | D:2      | Identified the +1 leather armour "Soshid" {+Inv rElec rC-
                  | Str+4}
  1625 | D:3      | Reached skill level 3 in Unarmed Combat
  1671 | D:3      | Reached XP level 4. HP: 42/44 MP: 3/3
  1726 | D:3      | Reached skill level 1 in Shapeshifting
  2457 | D:4      | Reached XP level 5. HP: 52/52 MP: 4/4
  2531 | D:4      | Found the amulet of Elemental Vulnerability {rPois rF--
                  | rC-- AC+8}
  2653 | D:4      | Noticed an ogre
  2665 | D:4      | Killed an ogre
  2666 | D:4      | Reached skill level 4 in Unarmed Combat
  2682 | D:4      | Found a broken altar of Ashenzari.
  2825 | D:4      | Noticed a phantom
  2832 | D:4      | Killed a phantom
  2833 | D:4      | Reached XP level 6. HP: 58/61 MP: 5/5
  3414 | D:5      | Entered Level 5 of the Dungeon
  3466 | D:5      | Reached XP level 7. HP: 63/67 MP: 6/6
  3559 | D:5      | Learned a level 2 spell: Blink
  3722 | D:5      | Reached skill level 5 in Unarmed Combat
  4221 | D:6      | Identified the +6 chain mail "Zeetel" {rF+ Int+2 Dex-3
                  | Slay+2}
  4327 | D:6      | Noticed a steam dragon
  4633 | D:6      | Killed a steam dragon
  4634 | D:6      | Reached skill level 1 in Translocations
  4682 | D:6      | Reached XP level 8. HP: 74/78 MP: 7/7
  4771 | D:6      | Reached skill level 6 in Unarmed Combat
  4846 | D:6      | Found a glowing golden altar of the Shining One.
  5496 | D:7      | Found a staircase to the Ecumenical Temple.
  5506 | Temple   | Entered the Ecumenical Temple
  5517 | D:7      | Found a stormy altar of Qazlal.
  5523 | D:7      | Found a hazy altar of Hepliaklqana.
  5526 | D:7      | Found a burning altar of Makhleb.
  5526 | D:7      | Found a radiant altar of Vehumet.
  5669 | D:7      | Reached skill level 7 in Unarmed Combat
  5699 | D:7      | Reached skill level 5 in Shields
  5721 | D:7      | Reached XP level 9. HP: 66/85 MP: 8/8
  5900 | D:7      | Identified the ring "Basog" {Ice *Slow rElec Dex+4 Slay+3}
  6322 | D:8      | Reached skill level 5 in Dodging
  6383 | D:8      | Reached skill level 5 in Fighting
  6525 | D:8      | Found an opulent altar of Gozag.
  6547 | D:8      | Identified the staff "Nisometz" {rElec rF+ Air}
  6753 | D:8      | Paralysed by a hornet for 2 turns
  6756 | D:8      | Reached skill level 8 in Unarmed Combat
  6815 | D:8      | Found a white marble altar of Elyvilon.
  6996 | D:8      | Learned a level 2 spell: Lesser Beckoning
  7022 | D:8      | Found a blossoming altar of Fedhas.
  7744 | D:9      | Found a sacrificial altar of Ru.
  7812 | D:9      | HP: 2/88 [gnoll sergeant/+0 spear (12)]
  7814 | D:9      | Noticed a troll
  7817 | D:9      | a brain worm changed into a harpy
  7817 | D:9      | Noticed a harpy (shapeshifter)
  7818 | D:9      | Slain by a harpy (shapeshifter)

Illustrated notes

Levels and vault maps discovered:
D:1:      spicycebolla_arrival_risky_transporter, layout_loops_corners
D:2:      layout_basic
D:3:      minmay_skewed_foursquare, layout_basic,
          chequers_serial_rivers_micro_b, guppyfry_early_orc_mine
D:4:      layout_basic, mainiacjoe_overflow_brackets
D:5:      layout_basic
D:6:      layout_cave_pools, mainiacjoe_overflow_boulevard
D:7:      minmay_inner_zag, layout_cave_pools, grunt_temple_overflow_open,
          minmay_temple_entry_arrows, bh_circular_ruins
D:8:      layout_basic, lemuel_doored_altar, overflow_temple_1_default,
          general_overflow_altar, kennysheep_doodads, billiards_dpeg
D:9:      regret_index_malice_mire, layout_loops_ring,
          mainiacjoe_overflow_alcove_2, tgw_sif, kennysheep_mini_moat,
          zin_scriptorium, nicolae_ru_great_annihilating_truth
Temple:   nicolae_temple_bog_church

Skill      XL: |  1  2  3  4  5  6  7  8  9 |
---------------+----------------------------+-----
Shields        | 3 4 5 |  5.8
Unarmed Combat | 3 4 5 7 8 |  8.5
Shapeshifting  | 1 2 |  2.3
Dodging        | 3 4 5 |  5.5
Fighting       | 3 4 5 |  5.4
Translocations | 1 2 3 |  3.4

Action                     |  1- 3 |  4- 6 |  7- 9 || total
---------------------------+-------+-------+-------++-------
  Melee: Unarmed           |   113 |   129 |   393 ||   635
  Throw: Large rock        |       |     3 |       ||     3
    Use: Scroll            |     3 |     2 |     7 ||    12
         Potion            |       |       |     3 ||     3
   Stab: Invisible         |       |       |     1 ||     1
         Paralysed         |       |       |     1 ||     1
 Armour: Robe              |    71 |    85 |   249 ||   405
  Dodge: Dodged            |    31 |    35 |   142 ||   208
  Block: Kite shield       |    47 |    47 |   173 ||   267

Table legend: (Time is in decaauts)
 A = Elapsed time spent in this place.
 B = Non-inter-level travel time spent in this place.
 C = Inter-level travel time spent in this place.
 D = Time resting spent in this place.
 E = Time spent auto-exploring this place.
 F = Levels seen in this place.
 G = Mean time per level.
                   A        B        C        D        E       F      G
               +--------+--------+--------+--------+--------+-----+--------+
         Total |   7841 |   7620 |    221 |    995 |   3785 |  10 |  784.1 |
       Dungeon |   7839 |   7618 |    221 |    995 |   3785 |   9 |  871.0 |
        Temple |      1 |      1 |      0 |      0 |      0 |   1 |    1.0 |
               +--------+--------+--------+--------+--------+-----+--------+

Top non-repeatable levels by time:
     D:8: 1285 daAuts
     D:5: 1080 daAuts
     D:3: 1009 daAuts
     D:4: 985 daAuts
     D:7: 931 daAuts
     D:6: 895 daAuts
     D:1: 859 daAuts
     D:2: 576 daAuts
     D:9: 215 daAuts
  Temple: 1 daAuts
